 Dungeon Crawl Stone Soup version 0.23.1 (webtiles) character file.

Game seed: 17583795753418617405

53 Kairos the Sneak (level 3, -1/18 HPs)
             Began as a Vine Stalker Assassin on Mar 7, 2019.
             Killed from afar by an orc wizard (4 damage)
             ... with a magic dart
             ... on level 3 of the Dungeon.
             The game lasted 00:02:06 (1662 turns).

Kairos the Sneak (Vine Stalker Assassin)            Turns: 1662, Time: 00:02:07

Health: -1/18      AC:  4    Str: 14    XL:     3   Next: 87%
Magic:  0/4        EV: 12    Int: 11    God:
Gold:   109        SH:  0    Dex: 15    Spells: 2/2 levels left

rFire    . . .     SeeInvis .   a - +2 dagger
rCold    . . .     Gourm    .   (no shield)
rNeg     . . .     Faith    .   c - +0 robe
rPois    .         Spirit   +   (no helmet)
rElec    .         Reflect  .   d - +1 cloak
rCorr    .         Harm     .   (no gloves)
MR       .....                  (no boots)
Stlth    +++.......             k - amulet of regeneration
HPRegen  0.46/turn              (no ring)
MPRegen  0.09/turn              (no ring)

@: no status effects
A: fangs 2, magic shield, antimagic bite, no potion heal 3, rot immunity
a: no special abilities


You were on level 3 of the Dungeon.
You were very hungry.

You visited 1 branch of the dungeon, and saw 3 of its levels.

You collected 109 gold pieces.

Inventory:

Hand Weapons
 a - a +2 dagger (weapon)
 b - a +0 blowgun
Missiles
 e - 8 poisoned needles
 f - 2 curare-tipped needles
Armour
 c - a +0 robe (worn)
 d - a +1 cloak (worn)
Jewellery
 k - an amulet of regeneration (around neck)
Scrolls
 h - a scroll of blinking
 i - 2 scrolls of fear
 m - a scroll of enchant weapon {unknown}
Potions
 j - a potion of flight {unknown}
Comestibles
 g - 2 rations


   Skills:
 + Level 2.0 Fighting
 + Level 2.1 Short Blades
 + Level 2.0 Throwing
 + Level 1.1 Dodging
 + Level 6.0 Stealth


You had 2 spell levels left.
You didn't know any spells.
Your spell library was empty.

Dungeon Overview and Level Annotations

Branches:
Dungeon (3/15)

Altars:
Cheibriados
Trog


Innate Abilities, Weirdness & Mutations

You have extremely sharp teeth.
When hurt, damage is shared between your health and your magic reserves.
Your bite disrupts and absorbs the magic of your enemies.
Potions cannot restore your health.
You are immune to rotting.


Message History

Your system rejects the healing.
You feel better.
The orc wizard mumbles some strange words.
The orc wizard seems to speed up.
You hit the orc wizard. Your bite misses the orc wizard.
The orc wizard is heavily wounded.
The orc wizard hits you but does no damage.
You are poisoned.
The orc wizard hits you but does no damage.
You are lethally poisoned!
You hit the orc wizard but do no damage.
You bite the orc wizard, but do no damage.
The orc wizard is heavily wounded.
* * * LOW HITPOINT WARNING * * *
You feel sick.
The orc wizard hits you but does no damage.
You are more poisoned.
Your system rejects the healing.
You feel better. The orc wizard casts a spell at you. The magic dart hits you!
You die...

#.# #.##..#
#.###.##.###
#.#............
#.......##.####
#######.##.######.
#...........
#)########## #.#
#@# #o# #.# #.#
#.# #.# #.# #.#


You could see an orc wizard.

Vanquished Creatures
  An ooze (D:1)
  A worm (D:2)
  4 dart slugs
  2 orcs (D:3)
  6 bats
  2 giant cockroaches (D:1)
  4 goblins
  5 hobgoblins
  2 ball pythons (D:1)
  A frilled lizard (D:1)
  5 kobolds
  2 rats
35 creatures vanquished.

Vanquished Creatures (others)
  A wizard (D:3)
  5 toadstools (D:1)
6 creatures vanquished.

Grand Total: 41 creatures vanquished

Notes
Turn   | Place    | Note
-------+----------+-------------------------------------------
     0 | D:1      | Kairos the Vine Stalker Assassin began the quest for the
                  | Orb.
     0 | D:1      | Reached XP level 1. HP: 11/11 MP: 2/2
    37 | D:1      | Reached skill level 5 in Stealth
    78 | D:1      | Reached XP level 2. HP: 11/15 MP: 3/3
   485 | D:1      | Reached XP level 3. HP: 16/18 MP: 4/4
   865 | D:2      | Found a snail-covered altar of Cheibriados.
   885 | D:2      | Reached skill level 1 in Dodging
  1513 | D:3      | Found a bloodstained altar of Trog.
  1516 | D:3      | Noticed a wizard
  1521 | D:3      | Killed a wizard
  1627 | D:3      | Reached skill level 6 in Stealth
  1662 | D:3      | Killed from afar by an orc wizard

Skill      XL: |  1  2  3 |
---------------+----------+-----
Stealth        | 5 6 |  6.0
Throwing       | 2 |  2.0
Short Blades   | 2 |  2.1
Fighting       | 2 |  2.0
Dodging        | 1 |  1.1

Action                   || total
-------------------------++-------
Melee: Dagger            ||   109
       Bite              ||    30
  Use: Scroll            ||     5
       Potion            ||     3
 Stab: Sleeping          ||    10
  Eat: Chunk             ||     1
Armor: Robe              ||    21
Dodge: Dodged            ||    51
